 Dungeon Crawl Stone Soup version 0.27.0-1-g7a089689b8 (webtiles) character file.

Game seed: 13651576234003470665

43 Leeroy the Slasher (level 3, -1/29 HPs)
             Began as a Djinni Warper on Aug 6, 2021.
             Was a Follower of Ashenzari.
             Slain by an orc (2 damage)
             ... on level 3 of the Dungeon.
             The game lasted 00:03:13 (2468 turns).

Leeroy the Slasher (Djinni Warper)                  Turns: 2468, Time: 00:03:14

Health: -1/29      AC:  4    Str: 16    XL:     3   Next: 82%
Gold:   56         EV: 12    Int: 15    God:    Ashenzari [*.....] SH:  0 Dex: 12

rFire    + + .     SeeInvis .   a - +0 falchion of the Wild Blue Yonder {Cun, Melee} (curse)
rCold    x . .     Faith    .   (no shield)
rNeg     . . .     Spirit   .   b - +0 leather armour "Disgust of the Sky" {Melee, Self} (curse)
rPois    ∞         Reflect  .   (no helmet)
rElec    .         Harm     .   (no cloak)
rCorr    .         Rampage  .   h - +0 pair of gloves
Will     .....                  (boots unavailable)
Stlth    +.........             (no amulet)
HPRegen  0.09/turn              g - +6 ring of strength
MPRegen  0.00/turn              (no ring)

@: flying
A: sickness immunity, fire resistance 2, cold vulnerability 1, float, innate
caster, hp casting, extra vitality 1
a: Renounce Religion, Shatter the Chains


You were on level 3 of the Dungeon.
You worshipped Ashenzari.
Ashenzari was aware of your devotion.
You visited 1 branch of the dungeon, and saw 3 of its levels.

You collected 56 gold pieces.

Inventory:

Hand Weapons
 a - the cursed +0 falchion of the Wild Blue Yonder (weapon) {Cun, Melee}

   It has a curse which improves the following skills: Cunning: Dodging and
   Stealth.
   Melee Combat: Short Blades, Long Blades, Axes, Maces & Flails, Polearms,
   Staves and Unarmed Combat.
Missiles
 d - 5 boomerangs of dispersal (quivered)
Armour
 b - the cursed +0 leather armour "Disgust of the Sky" (worn) {Melee, Self}

   It has a curse which improves the following skills: Melee Combat: Short
   Blades, Long Blades, Axes, Maces & Flails, Polearms, Staves and Unarmed
   Combat.
   Introspection: Fighting and Spellcasting.
 h - a +0 pair of gloves (worn)
Jewellery
 g - a +6 ring of strength (left hand)
Scrolls
 c - 3 scrolls of blinking
 f - a scroll of vulnerability
Potions
 e - a potion of curing
 i - a potion of magic


   Skills:
 - Level 2.0(2.8) Fighting
 + Level 3.5(5.0) Long Blades
 - Level 0.7 Throwing
 - Level 1.0 Armour
 - Level 2.1(3.0) Dodging
 - Level 2.4(3.2) Spellcasting


You couldn't memorise any spells.
You knew the following spells:

 Your Spells              Type           Power      Damage    Failure   Level
a - Blink                 Tloc           N/A        N/A       10%         2
b - Lesser Beckoning      Tloc           6%         N/A       19%         3
c - Gell's Gravitas       Tloc           6%         N/A       19%         3
d - Teleport Other        Tloc           12%        N/A       19%         3
e - Manifold Assault      Tloc           12%        N/A       86%         5
f - Pain                  Necr           48%        1d6       6%          1
Your spell library was empty.

Dungeon Overview and Level Annotations

Branches:
Dungeon (3/15)

Altars:
Ashenzari

Shops:
D:2 :


Innate Abilities, Weirdness & Mutations

You are immune to sickness and miasma.
You are immune to poison.
Your flesh is very heat resistant. (rF++)
You are vulnerable to cold. (rC-)
You float through the air rather than walking.
You learn spells naturally, not from books.
Your magical power is your life essence.
You have superior vitality. (+4 HP)


Message History

You hit the orc.
You kill the orc!
The orc closely misses you. The orc misses you.
You hit the orc but do no damage.
The orc is moderately wounded.
The orc hits you but does no damage. The orc misses you.
You riposte.
You barely miss the orc. The orc hits you but does no damage.
You closely miss the orc.
The orc is moderately wounded.
The orc hits you but does no damage. The orc hits you with a +0 flail.
The orc hits you but does no damage. The orc barely misses you.
You hit the orc.
The orc is almost dead.
The orc closely misses you.
You riposte.
You hit the orc.
The orc is lightly wounded.
The orc misses you. The orc barely misses you.
You riposte.
You barely miss the orc.
The orc is almost dead.
The orc closely misses you.
You hit the orc.
The orc is moderately wounded.
The orc hits you but does no damage. The orc completely misses you.
The orc hits you with a +0 hand axe! The orc hits you with a +0 hand axe.
* * * LOW HITPOINT WARNING * * *
You hit the orc.
The orc is heavily wounded.
The orc hits you with a +0 short sword.
* * * LOW HITPOINT WARNING * * *
The orc barely misses you.
You riposte.
Your cursed leather armour "Disgust of the Sky" prevents you from hitting the orc.
The orc is heavily wounded.
The orc hits you but does no damage. The orc closely misses you.
You slash the orc!
You kill the orc!
The orc barely misses you.
You riposte.
You hit the orc but do no damage.
The orc is lightly wounded.
The orc barely misses you.
You riposte.
You hit the orc but do no damage.
The orc is heavily wounded.
The orc hits you with a +0 hand axe.
You die...

##.... #).... ###
#..... ..####
#.....### ....#
#.......####...#
#....<.....<..#
#....#..###...#
###.##..###...#
............@o#
...########oo).....#
..... ..........#
.... ##.?.......#
#### #.#.#.....#
###.....### #######


You could see 3 orcs.

Vanquished Creatures
  An adder (D:2)
  2 worms (D:2)
  2 orcs (D:3)
  A ball python (D:2)
  2 endoplasms (D:2)
  2 goblins
  2 hobgoblins (D:2)
  3 jackals (D:1)
  4 quokkas
  4 frilled lizards
  4 rats
27 creatures vanquished.

Notes
Turn   | Place    | Note
-------+----------+-------------------------------------------
     0 | D:1      | Leeroy the Djinni Warper began the quest for the Orb.
     0 | D:1      | Reached XP level 1. HP: 18/18 MP: 0/0
   132 | D:1      | Found a faded altar of an unknown god.
   142 | D:1      | Became a worshipper of Ashenzari the Shackled
   162 | D:1      | Reached skill level 2 in Long Blades
   609 | D:1      | Reached XP level 2. HP: 23/23 MP: 0/0
  1251 | D:2      | Reached skill level 3 in Long Blades
  1251 | D:2      | Reached XP level 3. HP: 26/28 MP: 0/0
  1251 | D:2      | Learned a level 1 spell: Pain
  1293 | D:2      | Found Pelow's Book Boutique.
  1459 | D:2      | Reached * piety under Ashenzari
  2467 | D:3      | HP: 1/29 [orc (4)]
  2468 | D:3      | Slain by an orc

Illustrated notes

Levels and vault maps discovered:
D:1:      shiori_arrival_elements, layout_basic, basic_ecumenical_altar,
          serial_bayou_pond_a
D:2:      layout_basic, serial_shops, nicolae_square_shop
D:3:      layout_basic, serial_co_window_serial, co_window_of_opportunity_a,
          co_window_corner_a, co_window_paths_a, co_window_of_opportunity_a,
          co_window_paths_b, co_window_of_opportunity_c, co_window_cross_4,
          co_window_corner_b, co_window_broadway_a, co_window_corner_b,
          co_window_4corner_b, co_window_4corner_a, glass_columns_b,
          uniq_grinder, uniq_robin

Skill      XL: |  1  2 |
---------------+-------+-----
Long Blades    | 2 3 |  3.5
Fighting       | |  2.0
Throwing       | |  0.7
Armour         | |  1.0
Dodging        | |  2.1
Spellcasting   | |  2.4

Action                   || total
-------------------------++-------
Melee: Falchion          ||   144
Invok: Curse Item        ||     2
 Stab: Sleeping          ||     1
Armor: Leather armour    ||    31
Dodge: Dodged            ||   113
       Rpst.: Falchion   ||    37
